 Dungeon Crawl Stone Soup version 0.20.1-1-g8b1a95d (webtiles) character file.

539 cochise the Basher (level 7, -2/64 HPs)
             Began as a Minotaur Berserker on Sept 16, 2017.
             Was a Priest of Trog.
             Slain by a two-headed ogre
             ... wielding a +0 giant club
              (19 damage)
             ... on level 4 of the Dungeon.
             The game lasted 00:17:49 (3567 turns).

cochise the Basher (Minotaur Berserker)             Turns: 3567, Time: 00:17:50

Health: -2/64      AC:  9    Str: 23    XL:     7   Next: 5%
Magic:  6/6        EV:  5    Int:  4    God:    Trog [***...]
Gold:   158        SH:  5    Dex: 10    Spells: 6/6 levels left

rFire    + . .     SeeInvis .   a - +0 mace
rCold    . . .     Gourm    .   n - -2 shield
rNeg     . . .     Faith    .   e - +0 chain mail
rPois    .         Spirit   .   (helmet restricted)
rElec    .         Reflect  .   (no cloak)
rCorr    .         Harm     .   (no gloves)
MR       ++...                  (no boots)
Stlth    ..........             (no amulet)
Regen    1.2/turn               (no ring)
MPRegen  0.1/turn               (no ring)

@: about to teleport, berserk cooldown, regenerating, slowed, very slow
A: retaliatory headbutt, horns 2, fire resistance 1, shaggy fur 1
a: Berserk, Trog's Hand, Burn Spellbooks, Renounce Religion


You were on level 4 of the Dungeon.
You worshipped Trog.
Trog was most pleased with you.
You were very hungry.

You visited 1 branch of the dungeon, and saw 4 of its levels.

You collected 158 gold pieces.

Inventory:

Hand Weapons
 a - a +0 mace (weapon)
 b - a +3 scythe of protection
Missiles
 h - 13 poisoned needles (quivered)
Armour
 e - a +0 chain mail (worn)
 n - a -2 shield (worn)
 q - a +0 leather armour of cold resistance
Wands
 m - a wand of iceblast (9/15)
Scrolls
 i - a scroll of fear {unknown}
 l - 3 scrolls of identify
 r - a scroll of immolation {unknown}
 s - a scroll of fog
 t - 3 scrolls of random uselessness {unknown}
 u - a scroll of amnesia {unknown}
Potions
 g - a potion of curing
 j - a potion of mutation
 o - a potion of invisibility {unknown}
 p - 2 potions of magic {unknown}
Comestibles
 c - 3 bread rations
 d - 3 royal jellies
 k - 8 fruits


   Skills:
 + Level 6.4 Fighting
 * Level 8.0 Maces & Flails
 - Level 2.7 Armour
 - Level 2.2 Dodging


You had 6 spell levels left.
You didn't know any spells.

Dungeon Overview and Level Annotations

Branches:
Dungeon (4/15)             Temple (0/1) D:4

Altars:


Innate Abilities, Weirdness & Mutations

You reflexively headbutt those who attack you in melee.
You have a pair of horns on your head.
Your flesh is heat resistant. (rF+)
You are covered in fur. (AC +1)


Message History

The two-headed ogre hits you with a giant club!
The two-headed ogre hits you with a giant spiked club.
Your shield and chain mail prevent you from hitting the two-headed ogre.
The two-headed ogre is moderately wounded.
You sock the two-headed ogre!
The two-headed ogre is heavily wounded.
The two-headed ogre hits you with a giant club!
* * * LOW HITPOINT WARNING * * *
The two-headed ogre hits you with a giant spiked club.
* * * LOW HITPOINT WARNING * * *
You are too berserk!
There is an open door here.
You feel a strong urge to attack something.
You are no longer berserk.
You are exhausted.
You feel yourself slow down.
As you read the scroll of teleportation, it crumbles to dust.
You feel strangely unstable.
The two-headed ogre hits you with a giant club!!
You die...

+.......................
#...........######.###'#
#............#.......#.# ##
#+####.......#.###.#...# #..
#...####.#.# #.###.# #..$
#.######.#'###.# #.. #....
#.##.........#.####.
......###............#......
....(...'sO@.............###
.....####................# #
... #####.###........# # .
.#####.# ##'##....###
.......###.........#
#.......'....##...## #+
##......##....##....# ##.
........#......#....#
...#####+#.####.#..#.........


You could see a two-headed ogre and a scorpion.

Vanquished Creatures
  Sigmund (D:3)
  The ghost of Ymberti the Firebug, an amateur DEFE (D:4)
  An iguana (D:3)
  Ijyb (D:3)
  2 worker ants (D:4)
  Robin (D:3)
  A gnoll (D:1)
  9 adders
  An ooze (D:1)
  2 adder skeletons (D:4)
  2 worms
  2 dart slugs
  A leopard gecko (D:2)
  5 bats
  7 giant cockroaches
  13 goblins
  12 hobgoblins
  10 jackals
  4 frilled lizards
  10 kobolds
  9 rats
  A plant (D:1)
96 creatures vanquished.

Notes
Turn   | Place    | Note
-------+----------+-------------------------------------------
     0 | D:1      | cochise the Minotaur Berserker began the quest for the Orb.
     0 | D:1      | Reached XP level 1. HP: 19/19 MP: 0/0
   368 | D:1      | Reached skill level 4 in Maces & Flails
   368 | D:1      | Reached XP level 2. HP: 23/27 MP: 1/1
   456 | D:1      | Reached XP level 3. HP: 28/33 MP: 2/2
   458 | D:1      | Reached ** piety under Trog
  1274 | D:2      | Reached skill level 5 in Maces & Flails
  1274 | D:2      | Reached XP level 4. HP: 41/41 MP: 3/3
  1616 | D:2      | Reached skill level 5 in Fighting
  1867 | D:3      | Noticed Sigmund
  1900 | D:3      | HP: 2/63 [something (6)]
  1902 | D:3      | Gained mutation: You are covered in fur. (AC +1) [potion of mutation]
  1902 | D:3      | Gained mutation: Your flesh is heat resistant. (rF+) [potion of mutation]
  1909 | D:3      | Killed Sigmund
  1909 | D:3      | Reached skill level 6 in Maces & Flails
  1909 | D:3      | Reached XP level 5. HP: 3/49 MP: 4/4
  1909 | D:3      | HP: 2/49 [adder (1)]
  2243 | D:3      | Reached XP level 6. HP: 57/57 MP: 5/5
  2677 | D:3      | Noticed Ijyb
  2693 | D:3      | Killed Ijyb
  2693 | D:3      | Reached skill level 7 in Maces & Flails
  2729 | D:3      | Noticed Robin
  2762 | D:3      | Killed Robin
  2765 | D:3      | Reached *** piety under Trog
  2942 | D:4      | Noticed Ymberti's ghost (amateur DEFE)
  2959 | D:4      | Killed Ymberti's ghost
  3190 | D:4      | Found a staircase to the Ecumenical Temple.
  3245 | D:4      | Reached skill level 8 in Maces & Flails
  3245 | D:4      | Reached XP level 7. HP: 59/64 MP: 6/6
  3549 | D:4      | Noticed a two-headed ogre
  3567 | D:4      | Slain by a two-headed ogre

Skill      XL: |  1  2  3  4  5  6 |
---------------+-------------------+-----
Maces & Flails | 4 5 6 8 |  8.0
Fighting       | 4 5 6 |  6.4
Armour         | |  2.7
Dodging        | |  2.2

Action                   |  1- 3 |  4- 6 |  7- 9 || total
-------------------------+-------+-------+-------++-------
Melee: Mace              |    87 |   181 |    10 ||   278
       Headbutt          |    12 |    36 |       ||    48
Invok: Berserk           |     1 |     2 |     1 ||     4
       Trog's Hand       |       |     3 |     1 ||     4
  Use: Potion            |       |     3 |       ||     3
       Scroll            |       |     4 |     1 ||     5
  Eat: Chunk             |     2 |    10 |     1 ||    13
Armor: Chain mail        |    36 |   133 |     1 ||   170
       Animal skin       |     3 |       |       ||     3
Dodge: Dodged            |    50 |    56 |     3 ||   109
Block: Shield            |       |    52 |     3 ||    55
